 Dungeon Crawl Stone Soup version 0.30.1-3-gfc49f6343a (webtiles) character file.

Game seed: 18205202515275245031

17 Descartes the Sneak (level 2, -5/16 HPs)
             Began as a Spriggan Delver on July 20, 2023.
             Slain by an iguana (9 damage)
             ... on level 5 of the Dungeon.
             The game lasted 00:00:36 (49 turns).

Descartes the Sneak (Spriggan Delver)                 Turns: 49, Time: 00:00:37

Health: -5/16      AC:  2    Str:  8    XL:     2   Next: 44%
Magic:  3/3        EV: 17    Int: 11    God:
Gold:   0          SH:  0    Dex: 16    Spells: 1/1 levels left

rFire   . . .        a - +0 short sword
rCold   . . .        (no shield)
rNeg    . . .        b - +0 robe
rPois   .            (helmet restricted)
rElec   .            (no cloak)
rCorr   .            (gloves unavailable)
SInv    +            (boots unavailable)
Will    .....        (no amulet)
Stlth   ++++         (no ring)
HPRegen 0.22/turn    (no ring)
MPRegen 0.08/turn

%: no passive effects
@: very quick
A: very small, no large weapons, unfitting armour, see invisible, speed 3
a: no special abilities


You were on level 5 of the Dungeon.
You visited 1 branch of the dungeon, and saw 1 of its levels.

Inventory:

Hand Weapons
 a - a +0 short sword (weapon)
Armour
 b - a +0 robe (worn)
Wands
 g - a wand of digging (3)
Scrolls
 c - a scroll of fog
 d - a scroll of magic mapping
 e - a scroll of fear
Potions
 f - a potion of haste


   Skills:
 - Level 2.4 Fighting
 + Level 2.5 Short Blades
 + Level 3.1 Dodging
 * Level 7.8 Stealth


You had one spell level left.
You didn't know any spells.
Your spell library was empty.

Dungeon Overview and Level Annotations

Branches:
Dungeon (5/15)
 Temple: D:4-7

Altars:

Annotations:
D:5 Grinder


Innate Abilities, Weirdness & Mutations

You are very small and have problems with some larger weapons.
You are too small for most types of armour.
You have supernaturally acute eyesight. (SInv)
You cover ground extremely quickly. (Speed+++)


Message History

There is an open door here.
You close the door.
There is a stone staircase leading down here.
There is an open door here.
An adder comes into view.
An iguana comes into view.
The iguana hisses angrily.
The adder hisses angrily.
Found 10 gold pieces.
The adder bites you but does no damage.
You closely miss the adder. The adder misses you.
You barely miss the adder. The adder barely misses you.
You barely miss the adder. The adder barely misses you.
You hit the adder.
The adder is heavily wounded.
The adder barely misses you. The iguana barely misses you.
You hit the adder.
The adder is severely wounded.
The adder closely misses you. The iguana bites you!
Ouch! That really hurt!
You are too injured to fight recklessly!
You are too injured to fight recklessly!
You hit the adder.
The adder is almost dead.
The adder bites you.
* * * LOW HITPOINT WARNING * * *
The iguana completely misses you. The adder barely misses you.
Unknown command.
You hit the adder.
You kill the adder!
The iguana completely misses you.
You hit the iguana but do no damage.
Unknown command.
You hit the iguana.
The iguana is lightly wounded.
The iguana bites you but does no damage.
You hit the iguana but do no damage.
The iguana is lightly wounded.
The iguana bites you!
Ouch! That really hurt!
You die...

♣♣......#....#.....>..+
.♣.......#....#........#
.........#....#..##....#
.......♣......#..##....#
.^.....♣♣.....#........#
..............#........#
♣♣♣♣.........#........#
♣♣........#..##....#
♣.@...♣..# ♣.†l.♣♣..#
♣.....♣..+ ♣........#
♣........# .........#
........$# ...♣♣.....#


You could see an iguana.

Vanquished Creatures
  An adder (D:5)
  A shadow imp (D:5)
2 creatures vanquished.

Notes
Turn   | Place    | Note
-------+----------+-------------------------------------------
     0 | D:5      | Descartes the Spriggan Delver began the quest for the Orb.
     0 | D:5      | Reached XP level 1. HP: 11/11 MP: 2/2
    16 | D:5      | Reached XP level 2. HP: 16/16 MP: 3/3
    20 | D:5      | Noticed Grinder
    49 | D:5      | Slain by an iguana

Illustrated notes

Levels and vault maps discovered:
D:5:      layout_gridville, nicolae_hepliaklqana_monster_ancestors,
          nicolae_overflow_hallway_of_the_gods, temple_fountains, serial_shops,
          shop, minivault_26, kennysheep_decorative_pillar, uniq_grinder

Skill      XL: |  1 |
---------------+----+-----
Dodging        | 3 |  3.1
Fighting       | |  2.4
Short Blades   | |  2.5
Stealth        | |  7.8

Action                     || total
---------------------------++-------
  Melee: Short sword       ||    11
   Stab: Sleeping          ||     1
 Armour: Robe              ||     2
  Dodge: Dodged            ||     9
